 Dungeon Sprint DCSS version 0.17-a0-1691-g18a3847 (webtiles) character file.

512 Kidiri the Grappler (level 6, -6/66 HPs)
             Began as a Troll Monk on Aug 20, 2015.
             Was an Elder of Makhleb.
             Killed from afar by an efreet (21 damage)
             ... with a bolt of fire
             ... in the Dungeon (Sprint IX: "|||||||||||||||||||||||||||||").
             The game lasted 00:02:11 (325 turns).

Kidiri the Grappler (Troll Monk)                     Turns: 325, Time: 00:02:11

Health: -6/66      AC:  6    Str: 24    XL:     6   Next: 99%
Magic:  7/8        EV: 13    Int:  9    God:    Makhleb [****..]
Gold:   0          SH:  0    Dex: 13    Spells: 0 memorised, 5 levels left

rFire  . . .     SeeInvis .       - Unarmed
rCold  . . .     Clarity  .     a - +0 robe
rNeg   . . .     SustAt   .     (no shield)
rPois  .         Gourm    +     (helmet restricted)
rElec  .         Spirit   .     m - +0 cloak
rCorr  .         Warding  .     (gloves unavailable)
rMut   .         NoTele   +     (boots unavailable)
MR     .....                    (no amulet)
Stlth  ++........               o - +3 ring of strength
                                n - +3 ring of intelligence

@: lethally poisoned (-6 -> -6), not resistant to hostile enchantments,
unstealthy
A: unfitting armour, claws 3, fast metabolism 3, gourmand, regeneration 2,
shaggy fur 1, tough skin 2
a: Minor Destruction, Lesser Servant of Makhleb, Major Destruction, Renounce
Religion


You were in the Dungeon.
You worshipped Makhleb.
Makhleb was greatly pleased with you.
You were full.

You visited 1 branch

Inventory:

Armour
 a - a +0 robe (worn)
 m - a +0 cloak (worn)
Jewellery
 n - a +3 ring of intelligence (left claw)
 o - a +3 ring of strength (right claw)
Magical devices
 l - a wand of draining (7)
Scrolls
 h - 2 scrolls of blinking
 j - 3 scrolls of remove curse
 k - 2 scrolls of amnesia
Potions
 c - a potion of invisibility
 e - a potion of haste
 f - 4 potions of magic
 g - a potion of berserk rage
 i - 3 potions of curing
Comestibles
 b - 2 bread rations


   Skills:
 + Level 5.4 Fighting
 * Level 7.2 Dodging
 + Level 4.1 Stealth
 * Level 9.2 Unarmed Combat
 + Level 4.2 Invocations


You had 5 spell levels left.
You didn't know any spells.

Dungeon Overview and Level Annotations

Branches:
Dungeon (1/1)

Altars:
Cheibriados
Dithmenos
Elyvilon
Fedhas
Gozag
Kikubaaqudgha
Makhleb
Nemelex Xobeh
Okawaru
Qazlal
Ru
Sif Muna
Trog
Vehumet
Xom
Yredelemnul
Zin
The Shining One
Beogh
Jiyva
Lugonu


Innate Abilities, Weirdness & Mutations

You are too large for most types of armour.
You have claws for hands.
Your metabolism is lightning-fast.
You like to eat raw meat.
You heal very quickly.
You are covered in fur (AC +1).
You have very tough skin (AC +2).


Message History

The efreet is lightly wounded.
The efreet hits you with a scimitar of flaming.
* * * LOW HITPOINT WARNING * * *
The efreet burns you.
* * * LOW HITPOINT WARNING * * *
Unknown command.
Drink which item? (? for menu, Esc to quit)
You feel much better.
You feel sick.
Drink which item? (? for menu, Esc to quit)
You feel much better. The efreet gestures at you.
The fireball explodes!
The fireball engulfs you!
* * * LOW HITPOINT WARNING * * *
The fireball engulfs the efreet.
The efreet completely resists.
Unknown command.
You claw the efreet!
The efreet is heavily wounded.
The efreet gestures at you. The bolt of fire hits you!
You die... ▓▓▓▓▓▓▓▓▓▓▓▓▓▓▓▓▓▓▓▓▓▓▓ +..ZoR@'.....)'..[.[)|. ▓▓▓▓▓▓▓▓▓▓▓▓▓▓▓▓▓▓▓▓▓▓▓

You could see an efreet, an orc and an adder skeleton.

Vanquished Creatures
  A wraith (D)
  An ogre (D)
  A phantom (D)
  A black bear (D)
  A worker ant (D)
  An iguana (D)
  An adder (D)
  A shadow imp (D)
  2 adder zombies (D)
  2 giant geckos (D)
  An orc (D)
  A bat skeleton (D)
  A bat zombie (D)
  A bat (D)
  3 rats (D)
19 creatures vanquished.

Notes
Turn   | Place    | Note
--------------------------------------------------------------
     0 | D        | Kidiri the Troll Monk began the quest for the Orb.
     0 | D        | Reached XP level 1. HP: 22/22 MP: 0/0
    37 | D        | Noticed an iguana
    44 | D        | Reached XP level 2. HP: 29/29 MP: 1/1
    53 | D        | Killed an iguana
    53 | D        | Reached skill level 5 in Unarmed Combat
    53 | D        | Reached XP level 3. HP: 19/37 MP: 2/2
    77 | D        | Found a glowing silver altar of Zin.
    77 | D        | Found a glowing golden altar of the Shining One.
    77 | D        | Found an ancient bone altar of Kikubaaqudgha.
    77 | D        | Found a basalt altar of Yredelemnul.
    77 | D        | Found a shimmering altar of Xom.
    77 | D        | Found a radiant altar of Vehumet.
    78 | D        | Found an iron altar of Okawaru.
    79 | D        | Found a burning altar of Makhleb.
    80 | D        | Found a deep blue altar of Sif Muna.
    81 | D        | Found a bloodstained altar of Trog.
    82 | D        | Found a sparkling altar of Nemelex Xobeh.
    83 | D        | Found a white marble altar of Elyvilon.
    84 | D        | Found a roughly hewn altar of Beogh.
    85 | D        | Found a viscous altar of Jiyva.
    86 | D        | Found a corrupted altar of Lugonu.
    87 | D        | Became a worshipper of Makhleb the Destroyer
    87 | D        | Acquired Makhleb's first power
    87 | D        | Acquired Makhleb's second power
    88 | D        | Found a blossoming altar of Fedhas.
    89 | D        | Found a snail-covered altar of Cheibriados.
    90 | D        | Found a shadowy altar of Dithmenos.
    91 | D        | Found a stormy altar of Qazlal.
    92 | D        | Found an opulent altar of Gozag.
    93 | D        | Found a sacrificial altar of Ru.
   225 | D        | Noticed a wraith
   225 | D        | Noticed a black bear
   225 | D        | Noticed a phantom
   240 | D        | Killed a phantom
   240 | D        | Reached skill level 5 in Dodging
   240 | D        | Reached skill level 7 in Unarmed Combat
   240 | D        | Reached XP level 4. HP: 27/48 MP: 2/4
   240 | D        | Reached XP level 5. HP: 30/54 MP: 2/5
   247 | D        | Killed a black bear
   263 | D        | Killed a wraith
   263 | D        | Acquired Makhleb's third power
   263 | D        | Reached skill level 5 in Fighting
   263 | D        | Reached skill level 8 in Unarmed Combat
   263 | D        | Reached XP level 6. HP: 37/66 MP: 4/7
   304 | D        | Noticed an efreet
   304 | D        | Noticed an ogre
   304 | D        | Noticed a worker ant
   317 | D        | Killed a worker ant
   317 | D        | Acquired Makhleb's fourth power
   317 | D        | Reached skill level 9 in Unarmed Combat
   319 | D        | Killed an ogre
   325 | D        | Killed from afar by an efreet

Vault maps used:
D:        linesprint

Action                   |  1- 3 |  4- 6 || total
-------------------------+-------+-------++-------
Melee: Unarmed           |    53 |    39 ||    92
  Use: Potion            |     1 |     4 ||     5
 Stab: Sleeping          |     1 |       ||     1
  Eat: Chunk             |     5 |     1 ||     6
